Griffins vs Icehogs
Created - June 27, 2023 at 20:42
Goals
|
| Griffins |
0 |
1 |
1 |
2 |
| Icehogs |
2 |
2 |
1 |
5 |
|
Shots
|
| Griffins |
12 |
11 |
5 |
28 |
| Icehogs |
16 |
11 |
6 |
33 |
|
1st period
1. Icehogs , Stefan Matteau 10 (Michael Chaput 13, Nick Mattson 12) at 11:24
2. Icehogs , Stefan Matteau 11 (Hudson Fasching 10, Nick Mattson 13) at 16:33
Penalties :
Joe Morrow (Gra) for Cross-checking (Minor) at 2:38
2nd period
3. Griffins , Tyler Bertuzzi 8 (Brendan Woods 5, Lucas Lessio 17) at 4:09
4. Icehogs , Michael Chaput 4 (Stefan Matteau 10) at 5:08
5. Icehogs , Andrew Mangiapane 6 (Kurtis Gabriel 8, Duncan Siemens 2) at 10:34 (PP)
Penalties :
Martin Frk (Gra) for Goalie Interference (Minor) at 10:02, Andrew Mangiapane (Roc) for Holding (Minor) at 13:16, Tyler Bertuzzi (Gra) for High sticking (Minor) at 14:22, Roope Hintz (Gra) for Diving (Minor) at 17:26
3rd period
6. Icehogs , Michael Chaput 5 (Mike Reilly 10) at 0:06
7. Griffins , Tyler Bertuzzi 9 (Nico Hischier 3) at 13:20 (PP)
Penalties :
Mikhail Grigorenko (Roc) for Roughing (Minor) at 1:01, Lucas Lessio (Gra) for Unsportsmanlike conduct (Major / Game Misconduct) at 3:26, Jeremy Davies (Roc) for Roughing (Minor) at 13:15, Tyler Bertuzzi (Gra) for Hooking (Minor) at 17:05
Goalie Stats
Adam Werner (Gra), 28 saves from 33 shots - (0.848), L, 1-1-0, 60:00 minutes
Mark Visentin (Roc), 26 saves from 28 shots - (0.929), W, 3-4-0, 60:00 minutes
Players Stats for Griffins
Player Name G A P +/- PIM S H SB GA TA FO MP PP MP PK MP
------------------------------------------------------------------------------------
Brendan Woods 0 1 1 -2 0 1 2 2 0 0 16/33 25:17 1:16 6:08
Chris Bigras 0 0 0 -1 0 1 0 1 0 1 0/0 20:09 1:18 4:35
Danny Kristo 0 0 0 -1 0 5 3 0 0 0 1/1 18:07 1:16 2:56
Dmitri Orlov 0 0 0 -1 0 0 0 3 0 0 0/0 19:38 1:52 0:00
Ian McCoshen 0 0 0 -1 0 0 0 4 0 1 0/0 20:35 0:00 7:21
Joe Morrow 0 0 0 -1 2 1 4 0 1 0 0/0 26:26 1:52 6:05
Klim Kostin 0 0 0 0 0 0 0 0 0 0 0/0 7:22 0:00 3:28
Lucas Lessio 0 1 1 0 15 3 0 0 1 0 0/0 13:12 1:49 2:40
Martin Frk 0 0 0 0 2 0 1 0 0 1 0/1 13:21 0:00 2:56
Nico Hischier 0 1 1 -1 0 2 0 0 0 0 11/17 17:56 1:54 1:46
Roope Hintz 0 0 0 -1 2 1 2 1 0 2 1/3 18:50 1:16 3:31
Ryan Lindgren 0 0 0 -1 0 1 0 2 0 0 0/0 14:08 0:00 2:20
Ryan Pulock 0 0 0 -1 0 2 1 0 0 0 0/0 19:21 1:18 4:47
Sonny Milano 0 0 0 -2 0 3 1 1 2 0 0/2 15:34 0:00 1:10
Tanner Kero 0 0 0 0 0 0 0 0 0 0 0/0 1:15 0:00 0:01
Troy Terry 0 0 0 0 0 2 1 1 0 0 0/1 7:47 0:05 0:00
Tyler Bertuzzi 2 0 2 -2 4 5 3 0 0 0 0/2 16:51 1:53 0:00
Vladislav Namestnikov 0 0 0 0 0 1 1 0 0 0 5/6 10:38 0:00 0:32
Players Stats for Icehogs
Player Name G A P +/- PIM S H SB GA TA FO MP PP MP PK MP
------------------------------------------------------------------------------------
Andrew Mangiapane 1 0 1 0 2 8 3 0 0 0 0/1 19:18 5:23 1:02
Calle Andersson 0 0 0 -1 0 0 0 0 0 0 0/0 10:05 0:37 0:00
Clark Bishop 0 0 0 0 0 0 1 0 0 0 6/11 18:55 5:23 0:32
Duncan Siemens 0 1 1 1 0 1 1 1 1 1 0/0 20:28 5:36 1:05
Hudson Fasching 0 1 1 3 0 2 0 0 0 0 1/2 19:36 5:35 0:00
Jeremy Davies 0 0 0 -1 2 0 0 0 0 0 0/0 10:17 0:50 0:00
JJ. Piccinich 0 0 0 0 0 0 2 0 0 0 0/0 5:19 1:45 0:00
Julius Honka 0 0 0 1 0 1 1 1 2 0 0/0 20:28 5:36 1:05
Kristian Reichel 0 0 0 0 0 0 1 1 0 1 2/7 12:40 0:15 0:00
Kurtis Gabriel 0 1 1 0 0 4 2 0 1 0 1/1 17:54 4:58 0:00
Mattias Janmark 0 0 0 0 0 0 2 0 0 0 0/0 3:30 1:40 0:55
Michael Chaput 2 1 3 3 0 4 3 0 0 0 16/32 20:14 5:35 0:38
Mike Reilly 0 1 1 3 0 1 1 0 0 1 0/0 26:14 6:16 2:05
Mikhail Grigorenko 0 0 0 0 2 0 1 0 1 0 0/1 12:28 0:00 0:00
Mitchell Chaffee 0 0 0 0 0 0 0 0 0 0 0/0 0:00 0:00 0:00
Myles Bell 0 0 0 0 0 0 0 0 0 0 0/1 2:52 1:27 0:00
Nick Mattson 0 2 2 3 0 1 2 0 0 0 0/0 29:19 6:13 2:05
Nick Paul 0 0 0 0 0 0 0 0 0 0 0/1 3:57 0:00 0:00
Patrick Russell 0 0 0 0 0 1 0 0 0 0 0/1 12:37 0:12 0:00
Ross Johnston 0 0 0 0 0 0 0 0 0 0 0/0 1:35 0:00 1:15
Stefan Matteau 2 1 3 3 0 10 3 2 0 1 6/8 25:00 5:29 1:58
Zach Whitecloud 0 0 0 0 0 0 0 0 0 0 0/0 3:08 0:00 0:00
3 Stars
1 - Stefan Matteau (Roc)
2 - Michael Chaput (Roc)
3 - Nick Mattson (Roc)
Power Play
Griffins - 1 on 3 Attempt(s) - 33.33%
Icehogs - 1 on 6 Attempt(s) - 16.67%
Penalty Kill
Griffins - 5 on 6 Attempt(s) - 83.33%
- Score 0 goal in Penalty Kill
Icehogs - 2 on 3 Attempt(s) - 66.67%
- Score 0 goal in Penalty Kill
Team Stat
Griffins - Hits : 19 - Faceoff Wins : 34 - Blocked Shots : 15 - Penalty Minutes : 25
Icehogs - Hits : 23 - Faceoff Wins : 32 - Blocked Shots : 5 - Penalty Minutes : 6
Official
Referees : Dan O'Rourke and Chris Rooney
Linesman : Kiel Murchison and James Tobias
Game Notes
Lucas Lessio (Gra) for Unsportsmanlike conduct (Major / Game Misconduct) at 3:26
Lucas Lessio ejected from game at 3:26 of 3rd period
Lucas Lessio from Griffins is suspended for 1 game(s)
Finance
Level 1 -- Attendance: 2000 (100.00%) -- Ticket Income $70,000
Level 2 -- Attendance: 1000 (100.00%) -- Ticket Income $15,000
Total Attendance: 3000 (100.00%)
Total Ticket Income: $85,000
Other Income: $4,250
Total Income: $89,250
Griffins
5 vs 5 Forward
Center Left Wing Right Wing Time % Phy DF OF
1 Brendan Woods Sonny Milano Tyler Bertuzzi 40 1 2 2
2 Nico Hischier Roope Hintz Danny Kristo 30 1 2 2
3 Vladislav Namestnikov Lucas Lessio Martin Frk 20 1 2 2
4 Brendan Woods Klim Kostin Troy Terry 10 1 2 2
5 vs 5 Defense
Defense Defense Time % Phy DF OF
1 Joe Morrow Dmitri Orlov 40 1 2 2
2 Chris Bigras Ryan Pulock 30 1 2 2
3 Ryan Lindgren Ian McCoshen 20 1 2 2
4 Ryan Lindgren Ian McCoshen 10 1 2 2
PowerPlay Forward
Center Left Wing Right Wing Time % Phy DF OF
1 Nico Hischier Lucas Lessio Tyler Bertuzzi 60 1 2 2
2 Brendan Woods Roope Hintz Danny Kristo 40 1 2 2
PowerPlay Defense
Defense Defense Time % Phy DF OF
1 Joe Morrow Dmitri Orlov 60 1 2 2
2 Chris Bigras Ryan Pulock 40 1 2 2
Penalty Kill 4 Players Forward
Center Wing Time % Phy DF OF
1 Brendan Woods Lucas Lessio 60 1 2 2
2 Martin Frk Danny Kristo 40 1 2 2
Penalty Kill 4 Players Defense
Defense Defense Time % Phy DF OF
1 Joe Morrow Ian McCoshen 60 1 2 2
2 Chris Bigras Ryan Pulock 40 1 2 2
Penalty Kill - 3 Players Forward
Forward Time % Phy DF OF
1 Brendan Woods 60 1 2 2
2 Lucas Lessio 40 1 2 2
Penalty Kill - 3 Players Defense
Defense Defense Time % Phy DF OF
1 Joe Morrow Ian McCoshen 60 1 2 2
2 Chris Bigras Ryan Pulock 40 1 2 2
4 vs 4 Forward
Center Wing Time % Phy DF OF
1 Tyler Bertuzzi Lucas Lessio 60 1 2 2
2 Danny Kristo Sonny Milano 40 1 2 2
4 vs 4 Defense
Defense Defense Time % Phy DF OF
1 Joe Morrow Dmitri Orlov 60 1 2 2
2 Chris Bigras Ryan Pulock 40 1 2 2
Last Minutes Offensive
Center Left Wing Right Wing Defense Defense
Danny Kristo Lucas Lessio Tyler Bertuzzi Joe Morrow Dmitri Orlov
Last Minutes Defensive
Center Left Wing Right Wing Defense Defense
Brendan Woods Lucas Lessio Danny Kristo Joe Morrow Dmitri Orlov
Goaltenders
Starting : Adam Werner
Backup : Marcus Hogberg
Extra Forwards
Normal : Troy Terry, Tanner Kero, Nico Hischier - PP : Nico Hischier, Troy Terry - PK : Roope Hintz
Extra Defensemen
Normal : Dmitri Orlov, Ian McCoshen, Ryan Lindgren - PP : Ian McCoshen - PK : Ian McCoshen, Ryan Lindgren
Penalty Shots
Tyler Bertuzzi, Lucas Lessio, Nico Hischier, Danny Kristo, Roope Hintz
Scratches
Cody Glass (Healthy), Morgan Barron (Healthy), Lias Andersson (Healthy), Jack Studnicka (Healthy), Greg McKegg (Healthy)
Jack Ramsey (Healthy), Sebastian Ahaut (Healthy), Konrad Abeltshauser (Healthy), Michael Bunting (Healthy), Conor Timmins (Healthy)
Riley Armstrong (Sprained Left Finger Injury), Tomas Hyka (Healthy), Nick Swaney (Healthy), Ilya Samsonov (Healthy), Philippe Desrosiers (Healthy)
Icehogs
5 vs 5 Forward
Center Left Wing Right Wing Time % Phy DF OF
1 Michael Chaput Stefan Matteau Hudson Fasching 40 1 2 2
2 Clark Bishop Andrew Mangiapane Kurtis Gabriel 30 1 2 2
3 Kristian Reichel Mikhail Grigorenko Patrick Russell 20 1 2 2
4 Stefan Matteau Nick Paul JJ. Piccinich 10 1 2 2
5 vs 5 Defense
Defense Defense Time % Phy DF OF
1 Nick Mattson Mike Reilly 40 1 2 2
2 Julius Honka Duncan Siemens 30 1 2 2
3 Jeremy Davies Calle Andersson 20 1 2 2
4 Zach Whitecloud Nick Mattson 10 1 2 2
PowerPlay Forward
Center Left Wing Right Wing Time % Phy DF OF
1 Michael Chaput Stefan Matteau Hudson Fasching 60 1 2 2
2 Clark Bishop Andrew Mangiapane Kurtis Gabriel 40 1 2 2
PowerPlay Defense
Defense Defense Time % Phy DF OF
1 Nick Mattson Mike Reilly 60 1 2 2
2 Julius Honka Duncan Siemens 40 1 2 2
Penalty Kill 4 Players Forward
Center Wing Time % Phy DF OF
1 Stefan Matteau Andrew Mangiapane 60 1 2 2
2 Mikhail Grigorenko Michael Chaput 40 1 2 2
Penalty Kill 4 Players Defense
Defense Defense Time % Phy DF OF
1 Nick Mattson Mike Reilly 60 1 2 2
2 Julius Honka Duncan Siemens 40 1 2 2
Penalty Kill - 3 Players Forward
Forward Time % Phy DF OF
1 Stefan Matteau 60 1 2 2
2 Andrew Mangiapane 40 1 2 2
Penalty Kill - 3 Players Defense
Defense Defense Time % Phy DF OF
1 Nick Mattson Mike Reilly 60 1 2 2
2 Julius Honka Duncan Siemens 40 1 2 2
4 vs 4 Forward
Center Wing Time % Phy DF OF
1 Stefan Matteau Andrew Mangiapane 60 1 2 2
2 Mikhail Grigorenko Michael Chaput 40 1 2 2
4 vs 4 Defense
Defense Defense Time % Phy DF OF
1 Nick Mattson Mike Reilly 60 1 2 2
2 Julius Honka Duncan Siemens 40 1 2 2
Last Minutes Offensive
Center Left Wing Right Wing Defense Defense
Michael Chaput Stefan Matteau Hudson Fasching Nick Mattson Mike Reilly
Last Minutes Defensive
Center Left Wing Right Wing Defense Defense
Michael Chaput Stefan Matteau Hudson Fasching Nick Mattson Mike Reilly
Goaltenders
Starting : Mark Visentin
Backup : Mackenzie Blackwood
Extra Forwards
Normal : Myles Bell, Mattias Janmark, Ross Johnston - PP : Myles Bell, Mattias Janmark - PK : Ross Johnston
Extra Defensemen
Normal : Jeremy Davies, Calle Andersson, Zach Whitecloud - PP : Jeremy Davies - PK : Calle Andersson, Zach Whitecloud
Penalty Shots
Stefan Matteau, Andrew Mangiapane, Mikhail Grigorenko, Michael Chaput, Hudson Fasching
Scratches
J.T. Brown (Healthy), Nikita Scherbak (Healthy), Patrick Sieloff (Right Knee Injury), Dillon Dube (Healthy), Jackson Cates (Healthy)
Andrew Poturalski (Healthy), Michael Giugovaz (Healthy), Jack LaFontaine (Healthy)
% Time on Ice - Griffins
Lines # - Real PCT - Wanted PCT - Time Play
Normal Forward
1 - 36% - 40% - 15:28
2 - 32% - 30% - 13:55
3 - 23% - 20% - 10:06
4 - 9% - 10% - 3:54
Normal Defense
1 - 43% - 40% - 18:38
2 - 31% - 30% - 13:36
3 - 18% - 20% - 7:58
4 - 7% - 10% - 3:11
PP Forward
1 - 60% - 60% - 1:54
2 - 40% - 40% - 1:16
PP Defense
1 - 59% - 60% - 1:52
2 - 41% - 40% - 1:18
PK Forward
1 - 77% - 60% - 9:38
2 - 23% - 40% - 2:56
PK Defense
1 - 62% - 60% - 7:47
2 - 38% - 40% - 4:47
PK3 Forward
1 - 0% - 60%
2 - 0% - 40%
PK3 Defense
1 - 0% - 60%
2 - 0% - 40%
44 Forward
1 - 100% - 60% - 0:53
2 - 0% - 40% - 0:00
44 Defense
1 - 72% - 60% - 0:38
2 - 28% - 40% - 0:15
Last Minute Offensive - 0:00
Last Minute Defensive - 0:00
Total
Forward - 60:00
Defense - 60:00
|
% Time on Ice - Icehogs
Lines # - Real PCT - Wanted PCT - Time Play
Normal Forward
1 - 33% - 40% - 14:07
2 - 30% - 30% - 12:54
3 - 29% - 20% - 12:25
4 - 9% - 10% - 3:57
Normal Defense
1 - 39% - 40% - 17:05
2 - 32% - 30% - 13:42
3 - 22% - 20% - 9:28
4 - 7% - 10% - 3:08
PP Forward
1 - 58% - 60% - 7:15
2 - 42% - 40% - 5:19
PP Defense
1 - 55% - 60% - 6:58
2 - 45% - 40% - 5:36
PK Forward
1 - 80% - 60% - 2:32
2 - 20% - 40% - 0:38
PK Defense
1 - 66% - 60% - 2:05
2 - 34% - 40% - 1:05
PK3 Forward
1 - 0% - 60%
2 - 0% - 40%
PK3 Defense
1 - 0% - 60%
2 - 0% - 40%
44 Forward
1 - 100% - 60% - 0:53
2 - 0% - 40% - 0:00
44 Defense
1 - 91% - 60% - 0:48
2 - 9% - 40% - 0:05
Last Minute Offensive - 0:00
Last Minute Defensive - 0:00
Total
Forward - 60:00
Defense - 60:00
|
Play-by-Play
1st period
0:01 of 1st period - Michael Chaput wins face-off versus Brendan Woods in neutral zone.
0:52 of 1st period - Lucas Lessio is hit by Julius Honka.
0:53 of 1st period - Icing by Lucas Lessio.
0:54 of 1st period - Vladislav Namestnikov wins face-off versus Mikhail Grigorenko in Griffins zone.
1:01 of 1st period - Slapshot by Vladislav Namestnikov.
1:01 of 1st period - Shot Misses the Net.
1:21 of 1st period - Brendan Woods is hit by Stefan Matteau and loses puck.
1:32 of 1st period - Stefan Matteau is hit by Tyler Bertuzzi and loses puck.
1:43 of 1st period - Hudson Fasching is hit by Roope Hintz and loses puck.
2:38 of 1st period - Minor Penalty to Joe Morrow for Cross-checking.
2:39 of 1st period - Brendan Woods wins face-off versus Clark Bishop in Griffins zone.
2:49 of 1st period - Snap shot by Andrew Mangiapane.
2:49 of 1st period - Stopped by Adam Werner with a rebound.
4:07 of 1st period - Icing by Nick Mattson.
4:08 of 1st period - Roope Hintz wins face-off versus Myles Bell in Icehogs zone.
4:13 of 1st period - Snap shot by Roope Hintz.
4:13 of 1st period - Shot Misses the Net.
4:34 of 1st period - Icing by Myles Bell.
4:35 of 1st period - Clark Bishop wins face-off versus Martin Frk in Icehogs zone.
4:38 of 1st period - Penalty to Joe Morrow is over, Joe Morrow is back on ice.
4:40 of 1st period - Chris Bigras is hit by Kurtis Gabriel and loses puck.
5:03 of 1st period - Snap shot by Brendan Woods.
5:03 of 1st period - Deflect By Tyler Bertuzzi.
5:03 of 1st period - Shot Misses the Net.
5:03 of 1st period - Puck is out of play.
5:04 of 1st period - Kristian Reichel wins face-off versus Brendan Woods in Icehogs zone.
5:04 of 1st period - Kristian Reichel is hit by Joe Morrow.
5:35 of 1st period - Slapshot by Nick Mattson.
5:35 of 1st period - Shot Misses the Net.
6:21 of 1st period - Snap shot by Tyler Bertuzzi.
6:21 of 1st period - Stopped by Mark Visentin with a rebound.
6:29 of 1st period - Brendan Woods is hit by Mikhail Grigorenko and loses puck.
6:33 of 1st period - Icing by Brendan Woods.
6:34 of 1st period - Brendan Woods wins face-off versus Michael Chaput in Griffins zone.
6:51 of 1st period - Snap shot by Sonny Milano.
6:51 of 1st period - Shot Misses the Net.
6:59 of 1st period - Brendan Woods is hit by Andrew Mangiapane and loses puck.
7:10 of 1st period - Snap shot by Sonny Milano.
7:10 of 1st period - Stopped by Mark Visentin with a rebound.
7:23 of 1st period - Off-side.
7:24 of 1st period - Nico Hischier wins face-off versus Stefan Matteau in neutral zone.
7:26 of 1st period - Off-side.
7:27 of 1st period - Nico Hischier wins face-off versus Nick Paul in neutral zone.
7:30 of 1st period - Slapshot by Danny Kristo.
7:30 of 1st period - Shot Misses the Net.
7:32 of 1st period - Slapshot by Ian McCoshen.
7:32 of 1st period - Deflect By Roope Hintz.
7:32 of 1st period - Stopped by Mark Visentin without a rebound.
7:33 of 1st period - Nico Hischier wins face-off versus Michael Chaput in Icehogs zone.
7:44 of 1st period - Snap shot by Danny Kristo.
7:44 of 1st period - Shot Blocked by Stefan Matteau.
7:46 of 1st period - Snap shot by Danny Kristo.
7:46 of 1st period - Stopped by Mark Visentin with a rebound.
8:00 of 1st period - Ryan Lindgren is hit by Andrew Mangiapane and loses puck.
8:07 of 1st period - Wrist shot by Andrew Mangiapane.
8:07 of 1st period - Stopped by Adam Werner with a rebound.
8:09 of 1st period - Slapshot by Julius Honka.
8:09 of 1st period - Shot Blocked by Ryan Lindgren.
8:33 of 1st period - Julius Honka is hit by Roope Hintz and loses puck.
10:04 of 1st period - Snap shot by Stefan Matteau.
10:04 of 1st period - Stopped by Adam Werner with a rebound.
10:40 of 1st period - Wrist shot by Kurtis Gabriel.
10:40 of 1st period - Stopped by Adam Werner with a rebound.
11:00 of 1st period - Icing by Joe Morrow.
11:01 of 1st period - Kristian Reichel wins face-off versus Roope Hintz in Griffins zone.
11:22 of 1st period - Snap shot by Stefan Matteau.
11:22 of 1st period - Stopped by Adam Werner with a rebound.
11:24 of 1st period - Wrist shot by Stefan Matteau.
11:24 of 1st period - Goal by Stefan Matteau - Griffins : 0 - Icehogs : 1.
11:25 of 1st period - Brendan Woods wins face-off versus Michael Chaput in neutral zone.
11:28 of 1st period - Wrist shot by Ryan Pulock.
11:28 of 1st period - Stopped by Mark Visentin with a rebound.
11:30 of 1st period - Slapshot by Ryan Pulock.
11:30 of 1st period - Stopped by Mark Visentin with a rebound.
11:32 of 1st period - Wrist shot by Tyler Bertuzzi.
11:32 of 1st period - Shot Blocked by Stefan Matteau.
11:34 of 1st period - Slapshot by Sonny Milano.
11:34 of 1st period - Shot Misses the Net.
11:36 of 1st period - Wrist shot by Ryan Pulock.
11:36 of 1st period - Deflect By Tyler Bertuzzi.
11:36 of 1st period - Stopped by Mark Visentin without a rebound.
11:37 of 1st period - Brendan Woods wins face-off versus Michael Chaput in Icehogs zone.
11:49 of 1st period - Icing by Stefan Matteau.
11:50 of 1st period - Michael Chaput wins face-off versus Nico Hischier in Icehogs zone.
12:03 of 1st period - Slapshot by Michael Chaput.
12:03 of 1st period - Deflect By Stefan Matteau.
12:03 of 1st period - Shot Misses the Net.
12:03 of 1st period - Puck is out of play.
12:04 of 1st period - Clark Bishop wins face-off versus Brendan Woods in Griffins zone.
12:17 of 1st period - Ian McCoshen is hit by Nick Mattson and loses puck.
12:30 of 1st period - Danny Kristo is hit by Michael Chaput and loses puck.
12:57 of 1st period - Wrist shot by Martin Frk.
12:57 of 1st period - Shot Misses the Net.
12:59 of 1st period - Slapshot by Ryan Lindgren.
12:59 of 1st period - Stopped by Mark Visentin without a rebound.
13:00 of 1st period - Brendan Woods wins face-off versus Michael Chaput in Icehogs zone.
13:03 of 1st period - Snap shot by Sonny Milano.
13:03 of 1st period - Stopped by Mark Visentin without a rebound.
13:04 of 1st period - Michael Chaput wins face-off versus Brendan Woods in Icehogs zone.
13:11 of 1st period - Snap shot by Tyler Bertuzzi.
13:11 of 1st period - Stopped by Mark Visentin with a rebound.
13:13 of 1st period - Slapshot by Chris Bigras.
13:13 of 1st period - Stopped by Mark Visentin without a rebound.
13:14 of 1st period - Michael Chaput wins face-off versus Sonny Milano in Icehogs zone.
13:21 of 1st period - Snap shot by Nick Mattson.
13:21 of 1st period - Deflect By Stefan Matteau.
13:21 of 1st period - Stopped by Adam Werner without a rebound.
13:22 of 1st period - Michael Chaput wins face-off versus Sonny Milano in Griffins zone.
13:27 of 1st period - Snap shot by Stefan Matteau.
13:27 of 1st period - Stopped by Adam Werner without a rebound.
13:28 of 1st period - Clark Bishop wins face-off versus Nico Hischier in Griffins zone.
13:37 of 1st period - Wrist shot by Kurtis Gabriel.
13:37 of 1st period - Stopped by Adam Werner without a rebound.
13:38 of 1st period - Clark Bishop wins face-off versus Roope Hintz in Griffins zone.
13:43 of 1st period - Wrist shot by Andrew Mangiapane.
13:43 of 1st period - Stopped by Adam Werner with a rebound.
13:45 of 1st period - Slapshot by Kurtis Gabriel.
13:45 of 1st period - Shot Blocked by Dmitri Orlov.
13:47 of 1st period - Wrist shot by Kurtis Gabriel.
13:47 of 1st period - Shot Blocked by Dmitri Orlov.
13:49 of 1st period - Snap shot by Clark Bishop.
13:49 of 1st period - Shot Misses the Net.
13:51 of 1st period - Slapshot by Nick Mattson.
13:51 of 1st period - Shot Misses the Net.
13:53 of 1st period - Slapshot by Mike Reilly.
13:53 of 1st period - Shot Misses the Net.
13:55 of 1st period - Snap shot by Clark Bishop.
13:55 of 1st period - Shot Misses the Net.
14:07 of 1st period - Snap shot by Andrew Mangiapane.
14:07 of 1st period - Stopped by Adam Werner with a rebound.
14:11 of 1st period - Wrist shot by Kurtis Gabriel.
14:11 of 1st period - Stopped by Adam Werner with a rebound.
14:13 of 1st period - Backhand shot by Clark Bishop.
14:13 of 1st period - Shot Misses the Net.
14:15 of 1st period - Slapshot by Mike Reilly.
14:15 of 1st period - Deflect By Andrew Mangiapane.
14:15 of 1st period - Stopped by Adam Werner without a rebound.
14:16 of 1st period - Brendan Woods wins face-off versus Michael Chaput in Griffins zone.
14:27 of 1st period - Snap shot by Sonny Milano.
14:27 of 1st period - Stopped by Mark Visentin without a rebound.
14:28 of 1st period - Brendan Woods wins face-off versus Michael Chaput in Icehogs zone.
14:36 of 1st period - Off-side.
14:37 of 1st period - Stefan Matteau wins face-off versus Brendan Woods in neutral zone.
15:26 of 1st period - Snap shot by Sonny Milano.
15:26 of 1st period - Shot Misses the Net.
15:38 of 1st period - Wrist shot by Tyler Bertuzzi.
15:38 of 1st period - Shot Misses the Net.
15:46 of 1st period - Chris Bigras is hit by Nick Mattson and loses puck.
15:53 of 1st period - Wrist shot by Hudson Fasching.
15:53 of 1st period - Stopped by Adam Werner with a rebound.
16:23 of 1st period - Slapshot by Hudson Fasching.
16:23 of 1st period - Shot Blocked by Brendan Woods.
16:25 of 1st period - Snap shot by Nick Mattson.
16:25 of 1st period - Stopped by Adam Werner with a rebound.
16:27 of 1st period - Wrist shot by Hudson Fasching.
16:27 of 1st period - Shot Blocked by Chris Bigras.
16:29 of 1st period - Snap shot by Stefan Matteau.
16:29 of 1st period - Shot Misses the Net.
16:33 of 1st period - Snap shot by Stefan Matteau.
16:33 of 1st period - Goal by Stefan Matteau - Griffins : 0 - Icehogs : 2.
16:34 of 1st period - Vladislav Namestnikov wins face-off versus Clark Bishop in neutral zone.
16:59 of 1st period - Duncan Siemens is hit by Joe Morrow and loses puck.
17:13 of 1st period - Icing by Duncan Siemens.
17:14 of 1st period - Vladislav Namestnikov wins face-off versus Kristian Reichel in Icehogs zone.
17:49 of 1st period - Wrist shot by Andrew Mangiapane.
17:49 of 1st period - Shot Blocked by Ian McCoshen.
17:51 of 1st period - Backhand shot by Julius Honka.
17:51 of 1st period - Shot Blocked by Ryan Lindgren.
19:03 of 1st period - Chris Bigras is hit by Stefan Matteau and loses puck.
19:32 of 1st period - Chris Bigras is hit by Michael Chaput and loses puck.
19:53 of 1st period - Chris Bigras is hit by JJ. Piccinich and loses puck.
Goals for this period are 0 for Griffins vs 2 for Icehogs.
Shots for this period are 12 for Griffins vs 16 for Icehogs.
2nd period
0:01 of 2nd period - Brendan Woods wins face-off versus Michael Chaput in neutral zone.
0:26 of 2nd period - Danny Kristo is hit by Clark Bishop and loses puck.
0:31 of 2nd period - Snap shot by Kurtis Gabriel.
0:31 of 2nd period - Stopped by Adam Werner with a rebound.
1:47 of 2nd period - Wrist shot by Andrew Mangiapane.
1:47 of 2nd period - Stopped by Adam Werner with a rebound.
2:23 of 2nd period - Brendan Woods is hit by JJ. Piccinich and loses puck.
2:42 of 2nd period - Snap shot by Danny Kristo.
2:42 of 2nd period - Stopped by Mark Visentin with a rebound.
2:56 of 2nd period - Ryan Pulock is hit by Stefan Matteau and loses puck.
3:21 of 2nd period - Duncan Siemens is hit by Danny Kristo and loses puck.
3:25 of 2nd period - Icing by Mikhail Grigorenko.
3:26 of 2nd period - Nico Hischier wins face-off versus Kristian Reichel in Icehogs zone.
4:09 of 2nd period - Slapshot by Brendan Woods.
4:09 of 2nd period - Deflect By Tyler Bertuzzi.
4:09 of 2nd period - Goal by Tyler Bertuzzi - Griffins : 1 - Icehogs : 2.
4:10 of 2nd period - Michael Chaput wins face-off versus Brendan Woods in neutral zone.
4:13 of 2nd period - Wrist shot by Stefan Matteau.
4:13 of 2nd period - Stopped by Adam Werner without a rebound.
4:14 of 2nd period - Michael Chaput wins face-off versus Brendan Woods in Griffins zone.
4:28 of 2nd period - Icing by Dmitri Orlov.
4:29 of 2nd period - Kurtis Gabriel wins face-off versus Brendan Woods in Griffins zone.
4:56 of 2nd period - Wrist shot by Sonny Milano.
4:56 of 2nd period - Deflect By Brendan Woods.
4:56 of 2nd period - Stopped by Mark Visentin without a rebound.
4:57 of 2nd period - Michael Chaput wins face-off versus Nico Hischier in Icehogs zone.
5:02 of 2nd period - Wrist shot by Stefan Matteau.
5:02 of 2nd period - Shot Misses the Net.
5:04 of 2nd period - Snap shot by Stefan Matteau.
5:04 of 2nd period - Shot Blocked by Roope Hintz.
5:06 of 2nd period - Snap shot by Michael Chaput.
5:06 of 2nd period - Shot Blocked by Ian McCoshen.
5:08 of 2nd period - Snap shot by Michael Chaput.
5:08 of 2nd period - Goal by Michael Chaput - Griffins : 1 - Icehogs : 3.
5:09 of 2nd period - Michael Chaput wins face-off versus Brendan Woods in neutral zone.
6:12 of 2nd period - Icing by Martin Frk.
6:13 of 2nd period - Stefan Matteau wins face-off versus Brendan Woods in Griffins zone.
7:57 of 2nd period - Wrist shot by Troy Terry.
7:57 of 2nd period - Deflect By Stefan Matteau.
7:57 of 2nd period - Stopped by Mark Visentin with a rebound.
7:59 of 2nd period - Slapshot by Dmitri Orlov.
7:59 of 2nd period - Shot Blocked by Duncan Siemens.
8:01 of 2nd period - Snap shot by Nico Hischier.
8:01 of 2nd period - Stopped by Mark Visentin without a rebound.
8:02 of 2nd period - Nico Hischier wins face-off versus Kristian Reichel in Icehogs zone.
8:05 of 2nd period - Wrist shot by Danny Kristo.
8:05 of 2nd period - Deflect By Nico Hischier.
8:05 of 2nd period - Stopped by Mark Visentin without a rebound.
8:06 of 2nd period - Nico Hischier wins face-off versus Patrick Russell in Icehogs zone.
8:18 of 2nd period - Off-side.
8:19 of 2nd period - Brendan Woods wins face-off versus Michael Chaput in neutral zone.
9:33 of 2nd period - Wrist shot by Stefan Matteau.
9:33 of 2nd period - Deflect By Hudson Fasching.
9:33 of 2nd period - Stopped by Adam Werner with a rebound.
9:35 of 2nd period - Wrist shot by Michael Chaput.
9:35 of 2nd period - Stopped by Adam Werner with a rebound.
9:37 of 2nd period - Snap shot by Michael Chaput.
9:37 of 2nd period - Shot Misses the Net.
9:39 of 2nd period - Slapshot by Mike Reilly.
9:39 of 2nd period - Deflect By Michael Chaput.
9:39 of 2nd period - Shot Misses the Net.
9:39 of 2nd period - Puck is out of play.
9:40 of 2nd period - Nico Hischier wins face-off versus Clark Bishop in Griffins zone.
9:51 of 2nd period - Wrist shot by Roope Hintz.
9:51 of 2nd period - Shot Misses the Net.
9:53 of 2nd period - Snap shot by Nico Hischier.
9:53 of 2nd period - Shot Misses the Net.
9:55 of 2nd period - Wrist shot by Nico Hischier.
9:55 of 2nd period - Shot Misses the Net.
10:02 of 2nd period - Minor Penalty to Martin Frk for Goalie Interference.
10:03 of 2nd period - Michael Chaput wins face-off versus Brendan Woods in Griffins zone.
10:34 of 2nd period - Wrist shot by Andrew Mangiapane.
10:34 of 2nd period - Goal by Andrew Mangiapane - Griffins : 1 - Icehogs : 4.
10:35 of 2nd period - Michael Chaput wins face-off versus Brendan Woods in neutral zone.
10:44 of 2nd period - Snap shot by Stefan Matteau.
10:44 of 2nd period - Stopped by Adam Werner with a rebound.
11:33 of 2nd period - Off-side.
11:34 of 2nd period - Brendan Woods wins face-off versus Michael Chaput in neutral zone.
12:21 of 2nd period - Nick Mattson is hit by Martin Frk and loses puck.
12:30 of 2nd period - Snap shot by Lucas Lessio.
12:30 of 2nd period - Shot Misses the Net.
12:50 of 2nd period - Slapshot by Julius Honka.
12:50 of 2nd period - Shot Blocked by Troy Terry.
12:52 of 2nd period - Snap shot by Julius Honka.
12:52 of 2nd period - Deflect By Troy Terry.
12:52 of 2nd period - Stopped by Adam Werner with a rebound.
13:08 of 2nd period - Wrist shot by Danny Kristo.
13:08 of 2nd period - Stopped by Mark Visentin with a rebound.
13:10 of 2nd period - Snap shot by Roope Hintz.
13:10 of 2nd period - Shot Misses the Net.
13:16 of 2nd period - Minor Penalty to Andrew Mangiapane for Holding.
13:17 of 2nd period - Stefan Matteau wins face-off versus Nico Hischier in Icehogs zone.
13:17 of 2nd period - Stefan Matteau is hit by Tyler Bertuzzi.
13:28 of 2nd period - Snap shot by Lucas Lessio.
13:28 of 2nd period - Stopped by Mark Visentin with a rebound.
13:30 of 2nd period - Slapshot by Nico Hischier.
13:30 of 2nd period - Deflect By Lucas Lessio.
13:30 of 2nd period - Stopped by Mark Visentin without a rebound.
13:31 of 2nd period - Stefan Matteau wins face-off versus Nico Hischier in Icehogs zone.
13:46 of 2nd period - Mike Reilly is hit by Tyler Bertuzzi and loses puck.
13:57 of 2nd period - Mike Reilly is hit by Joe Morrow and loses puck.
14:22 of 2nd period - Minor Penalty to Tyler Bertuzzi for High sticking.
14:23 of 2nd period - Stefan Matteau wins face-off versus Troy Terry in Griffins zone.
14:26 of 2nd period - Wrist shot by Stefan Matteau.
14:26 of 2nd period - Stopped by Adam Werner with a rebound.
14:28 of 2nd period - Wrist shot by Stefan Matteau.
14:28 of 2nd period - Stopped by Adam Werner with a rebound.
14:50 of 2nd period - Tanner Kero is hit by Mattias Janmark and loses puck.
15:16 of 2nd period - Penalty to Andrew Mangiapane is over, Andrew Mangiapane is back on ice.
15:53 of 2nd period - Nick Mattson is hit by Brendan Woods and loses puck.
16:22 of 2nd period - Penalty to Tyler Bertuzzi is over, Tyler Bertuzzi is back on ice.
16:32 of 2nd period - Tyler Bertuzzi is hit by Duncan Siemens and loses puck.
16:43 of 2nd period - Mikhail Grigorenko is hit by Brendan Woods and loses puck.
16:56 of 2nd period - Slapshot by Lucas Lessio.
16:56 of 2nd period - Stopped by Mark Visentin without a rebound.
16:57 of 2nd period - Nico Hischier wins face-off versus Hudson Fasching in Icehogs zone.
16:58 of 2nd period - Snap shot by Danny Kristo.
16:58 of 2nd period - Stopped by Mark Visentin with a rebound.
17:05 of 2nd period - Snap shot by Ryan Lindgren.
17:05 of 2nd period - Deflect By Roope Hintz.
17:05 of 2nd period - Shot Misses the Net.
17:05 of 2nd period - Puck is out of play.
17:06 of 2nd period - Nico Hischier wins face-off versus Michael Chaput in Icehogs zone.
17:26 of 2nd period - Minor Penalty to Roope Hintz for Diving.
17:27 of 2nd period - Brendan Woods wins face-off versus Michael Chaput in Griffins zone.
19:26 of 2nd period - Penalty to Roope Hintz is over, Roope Hintz is back on ice.
Goals for this period are 1 for Griffins vs 2 for Icehogs.
Shots for this period are 11 for Griffins vs 11 for Icehogs.
3rd period
0:01 of 3rd period - Michael Chaput wins face-off versus Brendan Woods in neutral zone.
0:04 of 3rd period - Slapshot by Mike Reilly.
0:04 of 3rd period - Shot Blocked by Sonny Milano.
0:06 of 3rd period - Wrist shot by Michael Chaput.
0:06 of 3rd period - Goal by Michael Chaput - Griffins : 1 - Icehogs : 5.
0:07 of 3rd period - Michael Chaput wins face-off versus Brendan Woods in neutral zone.
0:22 of 3rd period - Wrist shot by Stefan Matteau.
0:22 of 3rd period - Shot Misses the Net.
0:54 of 3rd period - Wrist shot by Duncan Siemens.
0:54 of 3rd period - Stopped by Adam Werner without a rebound.
0:55 of 3rd period - Vladislav Namestnikov wins face-off versus Kristian Reichel in Griffins zone.
1:01 of 3rd period - Minor Penalty to Mikhail Grigorenko for Roughing.
1:02 of 3rd period - Stefan Matteau wins face-off versus Nico Hischier in Icehogs zone.
2:26 of 3rd period - Nico Hischier is hit by Mike Reilly and loses puck.
2:51 of 3rd period - Dmitri Orlov is hit by Mattias Janmark and loses puck.
2:56 of 3rd period - Wrist shot by Mattias Janmark.
2:56 of 3rd period - Deflect By Clark Bishop.
2:56 of 3rd period - Shot Blocked by Dmitri Orlov.
2:56 of 3rd period - Puck is out of play.
2:57 of 3rd period - Brendan Woods wins face-off versus Clark Bishop in Griffins zone.
3:01 of 3rd period - Penalty to Mikhail Grigorenko is over, Mikhail Grigorenko is back on ice.
3:26 of 3rd period - Major / Game Misconduct Penalty to Lucas Lessio for Unsportsmanlike conduct.
3:26 of 3rd period - Lucas Lessio is ejected from game.
3:27 of 3rd period - Brendan Woods wins face-off versus Michael Chaput in Griffins zone.
3:59 of 3rd period - Slapshot by Julius Honka.
3:59 of 3rd period - Shot Misses the Net.
4:01 of 3rd period - Wrist shot by Julius Honka.
4:01 of 3rd period - Deflect By Andrew Mangiapane.
4:01 of 3rd period - Shot Misses the Net.
4:01 of 3rd period - Puck is out of play.
4:02 of 3rd period - Michael Chaput wins face-off versus Brendan Woods in Griffins zone.
4:11 of 3rd period - Wrist shot by Stefan Matteau.
4:11 of 3rd period - Shot Blocked by Brendan Woods.
4:27 of 3rd period - Mike Reilly is hit by Ryan Pulock.
4:51 of 3rd period - Nico Hischier is hit by Michael Chaput.
5:19 of 3rd period - Mike Reilly is hit by Sonny Milano and loses puck.
6:00 of 3rd period - Clark Bishop is hit by Joe Morrow and loses puck.
6:05 of 3rd period - Wrist shot by Danny Kristo.
6:05 of 3rd period - Shot Misses the Net.
6:07 of 3rd period - Slapshot by Ryan Pulock.
6:07 of 3rd period - Shot Blocked by Julius Honka.
6:09 of 3rd period - Snap shot by Danny Kristo.
6:09 of 3rd period - Shot Misses the Net.
6:11 of 3rd period - Snap shot by Danny Kristo.
6:11 of 3rd period - Shot Misses the Net.
7:30 of 3rd period - Mattias Janmark is hit by Danny Kristo and loses puck.
8:26 of 3rd period - Penalty to Lucas Lessio is over, Troy Terry is send on ice.
9:43 of 3rd period - Icing by Ryan Pulock.
9:44 of 3rd period - Vladislav Namestnikov wins face-off versus Michael Chaput in Griffins zone.
9:54 of 3rd period - Nick Mattson is hit by Troy Terry.
10:10 of 3rd period - Slapshot by Dmitri Orlov.
10:10 of 3rd period - Shot Blocked by Kristian Reichel.
10:16 of 3rd period - Danny Kristo is hit by Kristian Reichel and loses puck.
11:09 of 3rd period - Nick Mattson is hit by Vladislav Namestnikov and loses puck.
11:45 of 3rd period - Vladislav Namestnikov is hit by Kurtis Gabriel and loses puck.
12:10 of 3rd period - Wrist shot by Hudson Fasching.
12:10 of 3rd period - Deflect By Stefan Matteau.
12:10 of 3rd period - Shot Misses the Net.
12:10 of 3rd period - Puck is out of play.
12:11 of 3rd period - Clark Bishop wins face-off versus Brendan Woods in Griffins zone.
12:58 of 3rd period - Snap shot by Danny Kristo.
12:58 of 3rd period - Stopped by Mark Visentin with a rebound.
13:00 of 3rd period - Wrist shot by Joe Morrow.
13:00 of 3rd period - Stopped by Mark Visentin without a rebound.
13:01 of 3rd period - Danny Kristo wins face-off versus Andrew Mangiapane in Icehogs zone.
13:15 of 3rd period - Minor Penalty to Jeremy Davies for Roughing.
13:16 of 3rd period - Nico Hischier wins face-off versus Stefan Matteau in Icehogs zone.
13:20 of 3rd period - Wrist shot by Tyler Bertuzzi.
13:20 of 3rd period - Goal by Tyler Bertuzzi - Griffins : 2 - Icehogs : 5.
13:21 of 3rd period - Michael Chaput wins face-off versus Tyler Bertuzzi in neutral zone.
14:18 of 3rd period - Backhand shot by Martin Frk.
14:18 of 3rd period - Shot Misses the Net.
14:20 of 3rd period - Backhand shot by Dmitri Orlov.
14:20 of 3rd period - Shot Misses the Net.
14:22 of 3rd period - Slapshot by Troy Terry.
14:22 of 3rd period - Stopped by Mark Visentin without a rebound.
14:23 of 3rd period - Brendan Woods wins face-off versus Kristian Reichel in Icehogs zone.
14:53 of 3rd period - Michael Chaput is hit by Danny Kristo and loses puck.
15:08 of 3rd period - Wrist shot by Vladislav Namestnikov.
15:08 of 3rd period - Stopped by Mark Visentin without a rebound.
15:09 of 3rd period - Clark Bishop wins face-off versus Vladislav Namestnikov in Icehogs zone.
15:14 of 3rd period - Snap shot by Mike Reilly.
15:14 of 3rd period - Stopped by Adam Werner without a rebound.
15:15 of 3rd period - Hudson Fasching wins face-off versus Brendan Woods in Griffins zone.
16:46 of 3rd period - Snap shot by Andrew Mangiapane.
16:46 of 3rd period - Shot Misses the Net.
16:48 of 3rd period - Snap shot by Andrew Mangiapane.
16:48 of 3rd period - Stopped by Adam Werner without a rebound.
16:49 of 3rd period - Nico Hischier wins face-off versus Clark Bishop in Griffins zone.
17:00 of 3rd period - Backhand shot by Nick Mattson.
17:00 of 3rd period - Deflect By Kurtis Gabriel.
17:00 of 3rd period - Shot Misses the Net.
17:00 of 3rd period - Puck is out of play.
17:01 of 3rd period - Michael Chaput wins face-off versus Tyler Bertuzzi in Griffins zone.
17:05 of 3rd period - Minor Penalty to Tyler Bertuzzi for Hooking.
17:06 of 3rd period - Brendan Woods wins face-off versus Michael Chaput in Griffins zone.
17:20 of 3rd period - Slapshot by Michael Chaput.
17:20 of 3rd period - Stopped by Adam Werner with a rebound.
18:06 of 3rd period - Roope Hintz is hit by Andrew Mangiapane.
19:01 of 3rd period - Icing by Stefan Matteau.
19:02 of 3rd period - Brendan Woods wins face-off versus Michael Chaput in Icehogs zone.
19:05 of 3rd period - Penalty to Tyler Bertuzzi is over, Tyler Bertuzzi is back on ice.
19:13 of 3rd period - Snap shot by Mikhail Grigorenko.
19:13 of 3rd period - Shot Blocked by Ian McCoshen.
19:15 of 3rd period - Slapshot by Julius Honka.
19:15 of 3rd period - Shot Blocked by Ian McCoshen.
19:17 of 3rd period - Slapshot by Patrick Russell.
19:17 of 3rd period - Stopped by Adam Werner with a rebound.
19:19 of 3rd period - Snap shot by Kristian Reichel.
19:19 of 3rd period - Shot Misses the Net.
19:53 of 3rd period - Wrist shot by Stefan Matteau.
19:53 of 3rd period - Shot Misses the Net.
Goals for this period are 1 for Griffins vs 1 for Icehogs.
Shots for this period are 5 for Griffins vs 6 for Icehogs.